Cogmind - Beta 12 @@@ ROGUE MODE // 2023.11.28 @ 18:42:01 Player: zapruda Result: Destroyed by D-53 Grenadier with Mini Grenade Launcher Performance ------------- Evolutions (0) 0 Regions Visited (2) 400 Robots Destroyed (24) 120 Value Destroyed (506) 506 Prototype IDs (0) 0 Alien Tech Used (0) 0 Bonus (14) 14 TOTAL SCORE: 1040 Bonus ------- Follower Combat Kills 14 Cogmind --------- Core Integrity 0/250 Matter 214/300 Energy 100/100 System Corruption 4% Temperature Cool (0) Movement Treading (160) Location -10/Mines Parts ------- > --- POWER (1) -------- (None) > --- PROPULSION (2) --- Light Treads Light Treads > --- UTILITY (2) ------ Large Storage Unit Core Shielding > --- WEAPON (2) ------- Assault Rifle Mini Grenade Launcher > --- INVENTORY (15) --- Light Treads Improved Heat Sink Huge Storage Unit Compact Matter Pod (0) Signal Interpreter Targeting Computer Propulsion Shielding Utility Shielding Light Armor Plating Hacking Suite Thief Drone Bay Assault Rifle Peak State ------------ > --- POWER ------------ Ion Engine > --- PROPULSION ------- Light Treads Light Treads > --- UTILITY ---------- Large Storage Unit Targeting Computer > --- WEAPON ----------- Assault Rifle Mini Grenade Launcher > --- INVENTORY -------- Ion Engine Light Treads Improved Heat Sink Huge Storage Unit Large Matter Pod Signal Interpreter Targeting Computer Targeting Computer Core Shielding Propulsion Shielding Utility Shielding Light Armor Plating Hacking Suite Assault Rifle Mini Grenade Launcher [Rating: 10] Favorites ----------- Power Ion Engine Engine Ion Engine Propulsion Light Treads Treads Light Treads Leg Aluminum Leg Utility Targeting Computer Storage Large Storage Unit Processor Targeting Computer Protection Core Shielding Weapon Assault Rifle Ballistic Gun Assault Rifle Launcher Mini Grenade Launcher Build | -11 -10 -10 ------- Run | Jun Mat Min Slots Evolved . | . . . Power . | . . . Propulsion . | . . . Utility . | . . . Weapon . | . . . Parts Attached 21 | . 18 3 Power 4 | . 3 1 Engine 4 | . 3 1 Core . | . . . Reactor . | . . . Propulsion 6 | . 6 . Treads 5 | . 5 . Leg 1 | . 1 . Wheel . | . . . Hover . | . . . Flight . | . . . Utility 6 | . 5 1 Device . | . . . Storage 4 | . 4 . Processor 1 | . 1 . Hackware . | . . . Protection 1 | . . 1 Artifact . | . . . Weapon 5 | . 4 1 Energy Gun . | . . . Energy Cannon . | . . . Ballistic Gun 3 | . 3 . Ballistic Cannon . | . . . Launcher 2 | . 1 1 Special Weapon . | . . . Impact Weapon . | . . . Slashing Weapon . | . . . Piercing Weapon . | . . . Special Melee Weapon . | . . . Unidentified Prototypes . | . . . Parts Lost 5 | . 1 4 Power 2 | . . 2 Propulsion . | . . . Utility 1 | . . 1 Weapon 2 | . 1 1 Highest Loss Streak 2 | . 1 2 To Critical Strikes . | . . . Average Slot Usage (%) 99 | . 98 99 Engine 14 | . 14 14 Treads 26 | . 26 28 Storage 14 | . 14 14 Processor 12 | . 13 10 Ballistic Gun 23 | . 27 14 Launcher 4 | . . 13 Naked Turns . | . . . Heaviest Build 29 | 12 29 29 Greatest Support 40 | 20 40 40 Greatest Overweight (x) . | . . . Average Overweight (x) . | . . . Largest Inventory Capacity 25 | . 25 15 Average Capacity 13 | . 13 15 Most Carried 16 | . 16 15 Average Carried 12 | . 11 14 Final Capacity 15 | 8 15 15 Final Carried 15 | 6 15 12 Class Distribution -------------------- 100% | Mutant Dominant Class ---------------- Mutant | -10/Materials Mutant | -10/Mines Resources | -11 -10 -10 ----------- Run | Jun Mat Min Matter Collected 1141 | 200 618 323 Remotely . | . . . Salvage Created 828 | . 727 101 Parts 64 | . 49 15 Haulers Intercepted 2 | . 2 . Recyclers Shooed 2 | . 2 . Parts Field Recycled . | . . . Retrieved Matter . | . . . Parts Self-Destructed . | . . . Prevented . | . . . Kills | -11 -10 -10 ------- Run | Jun Mat Min Combat Hostiles Destroyed 28 | . 12 16 Guns 15 | . 12 3 AOE 13 | . . 13 Classes Destroyed 10 | . 6 4 Builder 2 | . . 2 Tunneler 1 | . . 1 Hauler 2 | . 2 . Recycler 2 | . 2 . Operator 1 | . 1 . Watcher 2 | . 2 . Swarmer 4 | . 3 1 Grunt 9 | . 9 . Demolisher 1 | . . 1 Assembled 14 | . . 14 Best Kill Streak 17 | . 4 17 Combat Bots Only 14 | . 4 14 Max Kills in Single Turn 2 | . 1 2 Gunslinging . | . . . Exploded 2 | . . 2 Melee . | . . . Uniques/NPCs Destroyed . | . . . Combat | -11 -10 -10 -------- Run | Jun Mat Min Damage Taken 1214 | . 461 753 Core 291 | . 53 238 Absorbed by Shields . | . . . Redirected to Shielding 23 | . . 23 Regen/Repaired (Parts) 203 | . 203 . Core Remaining (%) 100 | 100 . . Volleys Fired 99 | . 68 31 Largest 2 | . 2 2 Hottest 50 | . 40 50 Shots Fired 170 | . 130 40 Gun 152 | . 130 22 Cannon . | . . . Launcher 18 | . . 18 Special . | . . . Kinetic 152 | . 130 22 Thermal . | . . . Explosive 18 | . . 18 Electromagnetic . | . . . Robot Hit Streak 13 | . 13 6 Robot Miss Streak 4 | . 4 3 Penetration Max . | . . . Secondary Targets 1 | . 1 . Max Gunslinging Chain 1 | . 1 . Shots Hit Robots 107 | . 86 21 Core Hits 80 | . 37 43 Critical Kills . | . . . Critical Parts Destroyed . | . . . Critical Strikes . | . . . Melee Attacks . | . . . Impact . | . . . Slashing . | . . . Piercing . | . . . Sneak Attacks . | . . . Combat Hostiles . | . . . Follow-up Attacks . | . . . Damage Inflicted 2304 | . 1046 1258 Guns 1231 | . 1046 185 Cannons . | . . . Explosions 1073 | . . 1073 Melee . | . . . Ramming . | . . . Kinetic 1231 | . 1046 185 Thermal . | . . . Explosive 1073 | . . 1073 Electromagnetic . | . . . Impact . | . . . Slashing . | . . . Piercing . | . . . Highest Corruption 4 | . 4 4 Average Corruption 3 | . 3 4 Corruption Purged . | . . . Corruption Blocked . | . . . Effects 45 | . 28 17 Message Errors 11 | . 8 3 Matter Fused 13 | . 6 7 Heat Flow Errors 12 | . 6 6 Data Loss (minor) 3 | . 2 1 Data Loss (major) 3 | . 3 . Alerts 1 | . 1 . Weapon Failures 2 | . 2 . Overload Shots . | . . . Overflow Damage 55 | . . 55 Projectiles . | . . . Explosions 55 | . . 55 Melee . | . . . Knockbacks . | . . . Impact . | . . . Kinetic . | . . . Secondary . | . . . Self-Inflicted Damage 56 | . . 56 Shots 2 | . . 2 Rammed . | . . . Targets Rammed . | . . . Kicked . | . . . Crushed . | . . . Highest Temperature 295 | . 295 256 Average Temperature 94 | . 90 99 Received Heat Transfer 283 | . 243 40 Effects 2 | . 1 1 Energy Bleed 1 | . 1 . Interference 1 | . . 1 Siege Activations . | . . . Robots Corrupted . | . . . Combat Hostiles . | . . . Parts Fried . | . . . Impact Corruptions . | . . . Robots Melted . | . . . Combat Hostiles . | . . . Parts Melted . | . . . Heat Transferred . | . . . Parts Sabotaged . | . . . Parts Stolen . | . . . Parts Stripped . | . . . Power Chain Reactions . | . . . Missiles Intercepted . | . . . Alert | -11 -10 -10 ------- Run | Jun Mat Min Peak Influence 208 | . 208 106 Initial . | . . . Average 70 | . 83 40 Maximum Alert Level 1 | . 1 . Low Security (%) 86 | . 81 100 Level 1 13 | . 18 . Level 2 . | . . . Level 3 . | . . . Level 4 . | . . . Level 5 . | . . . High Security . | . . . Max Security . | . . . Squads Dispatched 2 | . 2 . Investigation 1 | . 1 . Extermination . | . . . Reinforcement 1 | . 1 . Assault . | . . . Garrison . | . . . Intercept . | . . . Searches Triggered . | . . . Construction Impeded . | . . . Haulers Reinforced . | . . . Active Scanning Responses . | . . . Cargo Convoy Interrupts . | . . . Stealth | -11 -10 -10 --------- Run | Jun Mat Min Distress Signals . | . . . Communications Jammed . | . . . Distress Signals . | . . . Times Spotted 41 | . 20 21 Peak Tracking Total 6 | . 4 6 Tactical Retreats 3 | . 1 2 Traps | -11 -10 -10 ------- Run | Jun Mat Min Traps Triggered 4 | . 4 . Indirectly . | . . . Trap Hack Attempts . | . . . Triggered . | . . . Disarmed . | . . . Reprogrammed . | . . . Reused . | . . . Traps Extracted . | . . . Installed . | . . . Triggered . | . . . Machines | -11 -10 -10 ---------- Run | Jun Mat Min Machines Disabled . | . . . Max in Single Turn . | . . . Machines Repaired . | . . . Machines Sabotaged . | . . . Overloaded Fab Kills . | . . . Hacking | -11 -10 -10 --------- Run | Jun Mat Min Machines Accessed 6 | . 5 1 Terminals 4 | . 4 . Fabricators . | . . . Repair Stations 1 | . 1 . Recycling Units . | . . . Scanalyzers . | . . . Garrison Access . | . . . Total Hacks 19 | . 18 1 Successful 10 | . 9 1 Failed 9 | . 9 . Catastrophic 2 | . 2 . Database Lockouts . | . . . Manual 7 | . 7 . Terminals 10 | . 10 . Fabricators . | . . . Repair Stations 8 | . 8 . Recycling Units . | . . . Scanalyzers . | . . . Garrison Access . | . . . Terminal Hacks 4 | . 3 1 Open Door 1 | . . 1 Branch Access Points 1 | . 1 . Terminal Index 1 | . 1 . Registered Components 1 | . 1 . Fabricator Hacks . | . . . Repair Station Hacks 6 | . 6 . Scan Component 3 | . 3 . Repair 3 | . 3 . Recycling Unit Hacks . | . . . Scanalyzer . | . . . Garrison Access Hacks . | . . . Unauthorized Hacks . | . . . Terminals . | . . . Fabricators . | . . . Repair Stations . | . . . Recycling Units . | . . . Scanalyzers . | . . . Garrison Access . | . . . Data Cores Recovered . | . . . Used . | . . . Hacking Detections 5 | . 5 . Full Trace Events . | . . . Feedback Events . | . . . Feedback Blocked . | . . . Robot Schematics Acquired . | . . . Robots Built . | . . . Authchips . | . . . Time . | . . . Total Robot Build Rating . | . . . Part Schematics Acquired . | . . . Parts Built . | . . . Authchips . | . . . Time . | . . . Total Part Build Rating . | . . . Parts Repaired 3 | . 3 . Time 78 | . 78 . Parts Recycled . | . . . Recycled Matter . | . . . Retrieved Matter . | . . . Retrieved Components . | . . . Parts Scanalyzed . | . . . Part Schematics Acquired . | . . . Parts Damaged . | . . . Bothacking | -11 -10 -10 ------------ Run | Jun Mat Min Used RIF Installer . | . . . Robots Hacked . | . . . Non-combat . | . . . Combat . | . . . Robot Hacks Applied . | . . . Relay Couplers Released . | . . . Fabnet Peak Effective % . | . . . Robots Rewired . | . . . Allies Hacked . | . . . Hacks Repelled . | . . . Allies | -11 -10 -10 -------- Run | Jun Mat Min Total Allies 2 | . . 2 Largest Group 2 | . . 2 Highest-Rated Group 41 | . . 41 Highest-Rated Ally 31 | . . 31 Total Orders . | . . . Ally Attacks 4 | . . 4 Total Damage 42 | . . 42 Kills 2 | . . 2 Allies Corrupted . | . . . Allies Melted . | . . . Intel | -11 -10 -10 ------- Run | Jun Mat Min Robot Analysis Total . | . . . Derelict Logs Recovered 1 | . . 1 Drone Launches . | . . . Drone Recoveries . | . . . Exploration | -11 -10 -10 ------------- Run | Jun Mat Min Turns Passed 1853 | . 1305 548 Spaces Moved 889 | 1 604 284 Core . | . . . Treads 849 | . 565 284 Legs 40 | 1 39 . Wheels . | . . . Hover . | . . . Flight . | . . . Fastest Speed 120 | 120 120 160 Average Speed 158 | 120 157 160 Slowest Speed 160 | 120 160 160 Overloaded Moves . | . . . Propulsion Burnouts . | . . . Robots Hopped . | . . . Cave-ins Triggered . | . . . Exploration Rate (%) 44 | 1 78 55 Regions Visited 2 Branch Regions 1 Pre-discovered Areas . | . . . Known Exits Taken 1 | . 1 . Unknown Exits Taken 1 | 1 . . Scrap Searched 1 | . . 1 Spaces Dug . | . . . Terrain Destroyed 90 | . . 90 Melee . | . . . Projectile . | . . . AOE 90 | . . 90 Terrain Rammed . | . . . Walls Destroyed . | . . . Machines Disabled . | . . . Actions | -11 -10 -10 --------- Run | Jun Mat Min Total 1176 | . 835 341 Wait 113 | . 96 17 Move 887 | . 603 284 Hop . | . . . Pick Up 33 | . 30 3 Fast Attach 1 | . 1 . Attach 7 | . 4 3 Detach . | . . . Swap 13 | . 13 . Drop 23 | . 20 3 Fire 99 | . 68 31 Melee . | . . . Ram . | . . . Kick . | . . . Crush . | . . . Escape Stasis . | . . . Rewire . | . . . Trap . | . . . Miscellaneous . | . . . Route ------- -11/Junkyard -10/Materials (discovered 3 exits: [*Mat] / *Min x2) -10/Mines (discovered 1 exit: [*Mat]) History --------- Turn | Location | Event 1 | -11/Junkyard | Discovered new exit (range 0) 1 | -11/Junkyard | Entered Materials 258 | -10/Materials | Discovered new exit (range 12) 312 | -10/Materials | Build established: Mutant 809 | -10/Materials | Repaired Assault Rifle 837 | -10/Materials | Repaired Lgt. Treads 864 | -10/Materials | Repaired Lgt. Treads 1095 | -10/Materials | Identified exit to Mines 1306 | -10/Materials | Entered Mines 1323 | -10/Mines | Met a Derelict bent on vengeance 1505 | -10/Mines | Found the Drone Emporium 1513 | -10/Mines | Found Prototype Device 1638 | -10/Mines | Found a hidden stash of uninstalled traps 1643 | -10/Mines | Assembled infested the area 1661 | -10/Mines | Discovered new exit (range 13) 1700 | -10/Mines | Core integrity fell below 50% 1738 | -10/Mines | Core integrity fell below 20% 1752 | -10/Mines | Destroyed 14 combat bots 1854 | -10/Mines | Destroyed by D-53 Grenadier with Mini Grenade Launcher Last Messages --------------- 01744_ Acquired 17 matter. 01747_ Acquired Com. Matter Pod. 01751_ The unstable cave ceiling collapses. 01752_ U-05 Engineer lays Concrete. 01754_ The unstable cave ceiling collapses. 01754_ U-05 Engineer builds a Wall. 01755_ The unstable cave ceiling collapses. 01757_ U-05 Engineer lays Concrete. 01758_ MA01JPPYGUU> 6MQLO|PC,5YQDSOSTAI 01758_ U-05 Engineer lays Concrete. 01762_ The unstable cave ceiling collapses. 01775_ System corrupted: Heat flow error (+274). 01776_ Overheating: System interference. 01776_ Assault Rifle temporarily disabled. 01810_ System corrupted: Matter fused (-5). 01843_ System corrupted: Component data lost. 01848_ U-05 Engineer builds a Wall. 01852_ Ion Engine destroyed. 01853_ The unstable cave ceiling collapses. 01853_ D-53 Grenadier destroyed. Map ----- +----------------------------------------------------+ | ???????????????# & ###### #????? | | ????????????#### ###### &##????#???????? | | ????????????# #????# #?????????????? | | ????????????# ####????# #?????????????? | | ????????????# #???????## #?????????????? | | ????????????# #????????## #?????????????? | | ?????####???# ##????????# #?????????????? | | ????##" #???# ##???????# ##????????????? | | ???## #???# #???????# ?????????????? | | ???# "#??## #?????## ????????????? | | ??## ##??# ##### ???????????? | | ??# ##??## ???????????? | | ??# ##??# u ??????????? | | ??# #???# ! ???????????? | | ??# #??## ????????????? | | ??# ##??# <= ?????????????? | | ??# #???# # d ?????????????????? | | ??# ##??# ## #?????????????????? | | ??## #??## # % #?????????????????? | | ???## #??# # #??????????????????? | | ????# #??## #??????????????????? | | ????# ##??### # #########??????????? | | ????# ###### ???????? | | ????# ## ####??????????????? | | ????## ##?????????????????? | | ?????#### @ #??????????????????? | | ????????## ## ##??????????????????? | | ?????????#### #??????????????????? | | ????????????## ##??????????????????? | | ?????????????## # # ##???????????????????? | | ??????????????#######????????????????????? | | ?????????????????????????????????????????? | | ?????????????????????????????????????????? | | ?????????????????????????????????????????? | | ?????????????????????????????????????????? | | ?????????????????????????????????????????? | | | | | | | | | | | | | | | | | | | | | | | | | | | | | +----------------------------------------------------+ Best States ------------- Heat Dissipation 25 Energy Generation 10 Energy Capacity 250 Matter Stores 300 Matter Capacity 300 Sight Range 16 Terrain Scan Density 10 Core Shielding 20 Evasion (%) 55 Targeting Accuracy 5 Recoil Reduction 2 Item Schematics ----------------- None Robot Schematics ------------------ None Fabricated ------------ Nothing Alien Tech Used ----------------- None Achievements -------------- None Challenges ------------ None Game ------ Seed MachineImpactNanovents Manual? 0 Play Time 00:17:33 Cumulative 89.3 hours Start 2023.11.28 @ 18:26:18 End 2023.11.28 @ 18:42:01 Sessions 1 Manual Loads 0 Difficulty Rogue Special Mode None Game No. 135 Rogue 135 Adventurer 0 Explorer 0 Win Type - Total 0 Types 0/0/0/0/0/0/0/0/0 Lore% 30 Gallery% 53 Achievement% 36 Wizard Run 0 Options --------- ASCII 0 Keyboard 0 Movement Mouse Keybinds 0 Fullscreen 2 Font 18/SmallcapsGlow Map View 76x50 Tactical HUD 1 Map Filters NONE Filters NONE Steam 1 RUN: e915d6a8-b766-4791-a6da-e656adc68896